[Event "*** Titled Tuesday Blitz"]
[Site "Chess.com"]
[Date "2020.05.12"]
[Round "2"]
[White "warmoatmeal"]
[Black "Al_Shima"]
[Result "1/2-1/2"]
[WhiteElo "2218"]
[BlackElo "2438"]
[TimeControl "180+1"]
[EndTime "10:19:35 PDT"]
[Termination "Game drawn by agreement"]

1. Nf3 Nf6 2. b3 g6 3. Bb2 Bg7 4. g3 b6 5. Bg2 Bb7 6. O-O O-O 7. c4 c5 8. d4 cxd4 9. Nxd4 Bxg2 10. Kxg2 Qc8 11. e3 Qb7+ 12. Qf3 Qxf3+ 13. Nxf3 Nc6 14. Nbd2 Rfd8 15. Rad1 Nb4 16. a3 Nd3 17. Ba1 d5 18. cxd5 Rxd5 19. Nc4 Rad8 20. Rd2 b5 21. Nce5 Ne4 22.
Rxd3 Rxd3 23. Nxd3 Rxd3 24. Bxg7 Kxg7 25. Rb1 Nc5 26.
Nd4 a6 27. Kf3 e5 28. Nc6 f6 29. Nb4 Rd2 30. Rc1 e4+ 31. Kg2 Nd3 32. Nxd3 Rxd3 33. Rc7+ Kh6 34. Rc6 f5 35. Rxa6 Rxb3 36. a4 b4 37. Rb6 Rb2 38. a5 Ra2 39. Rxb4 Rxa5 40. Rb7 Ra6 41. h4 Ra2 42. Kg1 Ra8 43. Kg2 Rh8 44. Kg1 Kh5 45. Kg2 Kg4 46. Ra7 h6 47. Rg7 g5 48. hxg5 hxg5 49. Rg6 Rh7 50. Ra6 Rg7 51.
Rf6 Rc7 52. Rf8 Rc6 53. Rf7 Rc8 54. Rf6 Rg8 55. Rf7 Rg6 56. Rf8 Rg7 57. Rf6 Re7 58. Rf8 Rd7 59. Rf6 Rd8 60. Rf7 Rd6 61.
Rf8 Rd7 62. Rf6 Rd5 63. Rf7 Kh5 64. Rf8 Kg6 65. Ra8 Rd6 66. Ra7 Re6 67. Rb7 Rf6 68.
Rc7 Rb6 69. Rd7 Kf6 70. Rh7 Kg6 71. Rd7 Rc6 72. Re7 Ra6 73. Rb7 Rd6 74. Ra7 Kh5 75.
Rh7+ Kg6 76. Rb7 Rc6 77. Rd7 Rf6 78. Rc7 Kh5 79. Rh7+ Kg4 80. Rd7 f4 81. gxf4 gxf4 82. Rg7+ Kf5 83. exf4 Kxf4 84. Re7 Rg6+ 85. Kf1 Rf6 86.
Ke2 Rf5 87. Re8 Rf7 88. Re6 Kf5 89. Re8 Rd7 90. Ke3 Rd3+ 91. Ke2 Ra3 92. Rf8+ Ke6 93. Re8+ Kd5 94. Rd8+ Kc4 95. Re8 Kd4 96. Rd8+ Ke5 97. Re8+ Kf5 98. Rf8+ Kg4 99. Re8 1/2-1/2

[Event "*** Titled Tuesday Blitz"]
[Site "Chess.com"]
[Date "2020.05.12"]
[Round "2"]
[White "scabies1"]
[Black "UmutErdemGunduz"]
[Result "1/2-1/2"]
[WhiteElo "2167"]
[BlackElo "2401"]
[TimeControl "180+1"]
[EndTime "10:19:35 PDT"]
[Termination "Game drawn - insufficient material"]

1. e4 e5 2. Nf3 Nc6 3. Bb5 a6 4. Ba4 Nf6 5. O-O Be7 6. d3 b5 7. Bb3 O-O 8. Nc3 d6 9. a3 Na5 10. Ba2 c5 11. h3 b4 12. axb4 cxb4 13. Nd5 b3 14. Bxb3 Nxb3 15. Nxe7+ Qxe7 16. cxb3 Be6 17. Ra3 Rfb8 18. Bg5 Rb6 19. Nd2 d5 20. Qe2 Rab8 21. Rfa1 Qb7 22. Bxf6 gxf6 23. Qf3 dxe4 24. Nxe4 Bc8 25. Nxf6+ Kh8 26. Ne4 f5 27. Ng5 Rg6 28. Qh5 Qg7 29. h4 h6 30. g3 Bb7 31. Rc1 Rf8 32. Ra5 Rb6 33. Rac5 Qg6 34. Qxg6 Rxg6 35. Nh3 f4 36. Kh2 fxg3+ 37. fxg3 Rf3 38. Rxe5 Rgxg3 39. Re8+ Kg7 40. Rc7+ Kf6 41. Rf8+ Ke6 42. Re8+ Kd6 43. Rxb7 Rxh3+ 44. Kg2 Rhg3+ 45. Kh2 Rxd3 46. Rd8+ Kc6 47.
Rxd3 Rxd3 48. Rh7 Rxb3 49. Rxh6+ Kb5 50. Rg6 Rxb2+ 51. Kg3 Rb1 52. Kf4 a5 53. h5 a4 54. h6 Rh1 55. Kg5 a3 56. Rg7 a2 57.
Ra7 a1=Q 58. Rxa1 Rxa1 59. h7 Rh1 60. Kg6 Kc6 61. Kg7 Rg1+ 62. Kf8 Rf1+ 63. Kg8 Rg1+ 64. Kf8 Rh1 65. Kg8 Rxh7 66. Kxh7 1/2-1/2

[Event "*** Titled Tuesday Blitz"]
[Site "Chess.com"]
[Date "2020.05.12"]
[Round "2"]
[White "GM_DarwinLaylo"]
[Black "pheonixking2000"]
[Result "1/2-1/2"]
[WhiteElo "2538"]
[BlackElo "2815"]
[TimeControl "180+1"]
[EndTime "10:19:37 PDT"]
[Termination "Game drawn by repetition"]

1. c4 e6 2. Nc3 d5 3. d4 Nf6 4. Nf3 dxc4 5. e4 b5 6. e5 Nd5 7.
Nxb5 Nb6 8. Nc3 Nc6 9. Be2 Be7 10.
O-O O-O 11. Be3 Rb8 12. b3 cxb3 13.
axb3 h6 14. Bb5 Bb7 15. Bxc6 Bxc6 16. Rxa7 Nd5 17. Nxd5 Bxd5 18. Nd2 Bb4 19. Nc4 Qd7 20. Qg4 Kh7 21. f4 Bc3 22. f5 exf5 23. Qxf5+ Qxf5 24.
Rxf5 c6 25. Nd6 Rxb3 26. h3 Rb2 27. Rf2 Kg6 28. Rxb2 Bxb2 29. Kf2 Rb8 30. Rb7 Rxb7 31. Nxb7 Bc3 32. Nc5 h5 33. Nd3 Kf5 34. Nf4 h4 35. Nxd5 cxd5 36. Kf3 g6 37. Bf2 Bb2 38. Be3 g5 39. Bf2 Bc1 40. Bg1 Bf4 41. Bf2 Bh2 42. Be3 Bg3 43. Bg1 Bf4 44. Bf2 Bc1 45. Bg1 Ke6 46.
Bf2 Kd7 47. Kg4 Ke6 48. Bg1 f5+ 49. exf6 Kxf6 50. Bf2 Kg6 51. Bg1 Bf4 52. Bf2 Bd2 53. Bg1 Kf6 54. Bf2 Kg6 55. Bg1 Kf6 56. Bf2 Kg6 1/2-1/2

[Event "*** Titled Tuesday Blitz"]
[Site "Chess.com"]
[Date "2020.05.12"]
[Round "2"]
[White "SGchess01"]
[Black "Quaternitychess"]
[Result "1/2-1/2"]
[WhiteElo "2771"]
[BlackElo "2533"]
[TimeControl "180+1"]
[EndTime "10:19:38 PDT"]
[Termination "Game drawn - insufficient material"]

1. e4 d6 2. d4 Nf6 3. Nc3 Nbd7 4.
f4 e5 5. Nf3 exd4 6. Nxd4 g6 7.
Bc4 Bg7 8. O-O O-O 9. h3 c6 10. a4 Re8 11. Re1 Nc5 12. e5 dxe5 13. fxe5 Nh5 14. Nf3 Qxd1 15. Rxd1 Ng3 16. Be3 Nd7 17. Bf2 Nxe5 18. Nxe5 Bxe5 19. Re1 Nf5 20. Ne4 Kg7 21.
Nc5 Nd6 22. Bb3 Bxb2 23. Rxe8 Nxe8 24. Rd1 b6 25. Nd3 Bc3 26. Bg3 Nf6 27. Be5 Bxe5 28. Nxe5 c5 29. Nxf7 Ba6 30. Ne5 Re8 31. Nc6 c4 32. Ba2 Re2 33. Nb4 Bb7 34. Bxc4 Rxg2+ 35. Kf1 Rh2 36. Re1 Rh1+ 37. Kf2 Rxe1 38. Kxe1 Kh6 39. Kf2 Kg5 40. Nd3 Kh4 41. Nf4 g5 42. Ne6 h6 43.
Nd8 Be4 44. Nf7 h5 45. c3 g4 46. hxg4 hxg4 47. Ne5 g3+ 48. Kg1 Nh5 49. Bb5 Nf4 50.
Bf1 g2 51. Bxg2 Bxg2 52. Kf2 Bb7 53. Ke3 Ne6 54. Nf7 Bc6 55. Nd6 Bxa4 56. Nc8 Bd7 57. Nxa7 Kg5 58. Ke4 Kf6 59. Kd5 Ke7 60. Nc6+ Ke8 61.
Ne5 Ba4 62. Kxe6 Kd8 63. Kd6 Kc8 64. Nc4 Kb7 65. Ne5 Bd1 66. c4 Be2 67. c5 bxc5 68.
Kxc5 1/2-1/2

[Event "*** Titled Tuesday Blitz"]
[Site "Chess.com"]
[Date "2020.05.12"]
[Round "2"]
[White "Dixit_Nikhil"]
[Black "GukeshDommaraju"]
[Result "0-1"]
[WhiteElo "2502"]
[BlackElo "2752"]
[TimeControl "180+1"]
[EndTime "10:19:38 PDT"]
[Termination "GukeshDommaraju won by checkmate"]

1. e4 c5 2. Nf3 Nc6 3. Nc3 e5 4. Bc4 Be7 5. Nd5 Nf6 6. Nxf6+ Bxf6 7. O-O O-O 8. d3 d6 9. h3 Be6 10. a4 d5 11. exd5 Bxd5 12. Bxd5 Qxd5 13. Nd2 Rad8 14. Ne4 Be7 15. Nc3 Qe6 16. f4 f5 17. fxe5 Qxe5 18.
Bf4 Qd4+ 19. Kh1 Bf6 20. Qf3 Qd7 21. Rae1 Nd4 22. Qf2 Rfe8 23. Rxe8+ Rxe8 24. Bc1 Qc6 25. Qg3 g6 26. Qf2 Bg7 27. b3 b6 28. Bd2 Nxc2 29. Qf4 Nd4 30. Re1 Rxe1+ 31. Bxe1 h5 32. Qb8+ Kh7 33. Qxa7 Nxb3 34. Qe7 Nd4 35. Nb5 Qe6 36.
Qxe6 Nxe6 37. Kg1 Nf4 38. Kf1 Nxd3 39. Bd2 Nb2 40. a5 bxa5 41. Bxa5 Nc4 42. Bc7 Ne3+ 43.
Kf2 Nd5 44. Bd6 c4 45. Na3 c3 46. Nc2 Kg8 47. Kf3 Kf7 48. g4 fxg4+ 49. hxg4 h4 50. g5 Ke6 51. Bc5 Kf5 52. Bf2 Kxg5 53. Be1 Kh5 54. Bf2 g5 55. Ke4 Nf6+ 56. Kf5 g4 57. Nd4 g3 58. Be3 Nd5 59. Bc1 Bxd4 60. Ke4 g2 61.
Kxd5 g1=Q 62. Bf4 Qg2+ 63. Ke6 Qe4+ 64. Kf7 Qxf4+ 65. Kg8 Qf6 66. Kh7 Qg7# 0-1

[Event "*** Titled Tuesday Blitz"]
[Site "Chess.com"]
[Date "2020.05.12"]
[Round "2"]
[White "Hanging_pointer"]
[Black "Konavets"]
[Result "1-0"]
[WhiteElo "2589"]
[BlackElo "2939"]
[TimeControl "180+1"]
[EndTime "10:19:39 PDT"]
[Termination "Hanging_pointer won by resignation"]

1. d4 Nf6 2. c4 e6 3. Nf3 Bb4+ 4. Bd2 Qe7 5. Nc3 O-O 6. e3 b6 7. Be2 Bb7 8. O-O d6 9. a3 Bxc3 10. Bxc3 Nbd7 11. b4 Ne4 12. Bb2 f5 13. Nd2 Nxd2 14.
Qxd2 Rf6 15. g3 Rh6 16. Qd1 Rf8 17. Bf3 Bxf3 18. Qxf3 Nf6 19. Qg2 Ng4 20. h3 Nf6 21. f3 Rg6 22. Kh2 e5 23. dxe5 dxe5 24. Rad1 h5 25.
Qf2 Kh7 26. Rg1 Qe6 27. Qe2 Rf7 28. a4 Rh6 29. Ba1 h4 30. g4 fxg4 31. fxg4 Ne4 32.
Qd3 Qg6 33. Rgf1 Re7 34. Rf5 Nd6 35. Rxe5 Qxd3 36. Rxd3 Rxe5 37. Bxe5 Nxc4 38. Bxc7 Rc6 39. Bf4 Nb2 40. Rd7 Nxa4 41. Rxa7 Nc3 42. Be5 Ne4 43.
Rxg7+ Kh6 44. Rc7 Re6 45. Bf4+ Kg6 46. b5 Re8 47. Rc6+ Kf7 48. Kg2 Ra8 49. Kf3 Nd2+ 50. Ke2 Ra2 51. Kd3 Nf3 52. Rh6 Rb2 53. Rxb6 Ng1 54.
Bg5 Nxh3 55. Bxh4 Ng1 56. Bg5 Ke8 57. Bf4 Nf3 58. g5 Rd2+ 59. Ke4 Nh4 60. Rb8+ Kf7 61. b6 Ng6 62. b7 Rb2 63. Kd5 Ne7+ 64. Ke4 Ng6 65.
Kf3 Rb3 66. Kg4 Rb4 67. Kf3 Rb3 68. Ke2 Rb4 69. Kd3 Rb2 70. Kc3 Rb1 71. Kc2 Rb5 72. Kc3 Rb6 73. Kc4 Rb1 74. Bc7 Rc1+ 75. Kb5 Rb1+ 76.
Ka6 Ra1+ 77. Ba5 Ne5 78. Rc8 Nd7 79. Rc7 1-0

[Event "*** Titled Tuesday Blitz"]
[Site "Chess.com"]
[Date "2020.05.12"]
[Round "2"]
[White "louis198"]
[Black "WIDBIFS"]
[Result "0-1"]
[WhiteElo "2490"]
[BlackElo "2727"]
[TimeControl "180+1"]
[EndTime "10:19:39 PDT"]
[Termination "WIDBIFS won by resignation"]

1. d4 Nf6 2. Nf3 g6 3. Bf4 Bg7 4. h3 O-O 5. e3 c5 6. Bc4 d5 7. Be2 Nc6 8. c3 Nd7 9. O-O e5 10. dxe5 Ndxe5 11. Nxe5 Nxe5 12. Nd2 Be6 13. Nf3 Nxf3+ 14.
Bxf3 Qb6 15. Qe2 Rfe8 16. Rfd1 d4 17. cxd4 cxd4 18. e4 Rac8 19. Qd2 h5 20. b3 Rc3 21. Be2 Rec8 22. Bf1 a5 23. Bh6 Bh8 24. Qg5 R3c5 25. Qg3 Rc3 26. Bd3 Qc5 27. Bd2 h4 28. Qf3 b5 29.
Bxc3 dxc3 30. Bc2 Be5 31. Rd3 Kg7 32. Rad1 b4 33. Rd8 a4 34. Rxc8 Qxc8 35. Qe3 axb3 36. axb3 Qc7 37. Qg5 Bf6 38. Qb5 Be7 39. Qa6 Qf4 40. Qa7 Bd6 41. Qd4+ Be5 42. Qxb4 Qh2+ 43.
Kf1 Qh1+ 44. Ke2 Qxg2 45. Qc5 Qh2 46. Qe3 Bxh3 47. Qf3 Be6 48. Rh1 Bg4 49. Rxh2 Bxf3+ 50. Kxf3 Bxh2 51. Kg4 Bg1 52. Kxh4 Bxf2+ 53. Kg4 Kf6 54. Kf3 Bc5 55. b4 Bxb4 56. Bb3 Bd6 57. Ke3 Be5 58. Kd3 Ke7 59. Ke3 f6 60. Bd1 Kd6 61. Kd3 Kc5 62. Bg4 Kb4 63. Kc2 Kc4 64. Be6+ Kd4 65. Bf7 g5 66.
Bg6 g4 67. Bf5 g3 68. Bh3 Kxe4 69. Bg2+ Ke3 70. Kd1 Kf2 0-1

[Event "*** Titled Tuesday Blitz"]
[Site "Chess.com"]
[Date "2020.05.12"]
[Round "2"]
[White "VALPARAISO37"]
[Black "Borsuk_Konstantin"]
[Result "0-1"]
[WhiteElo "2392"]
[BlackElo "2653"]
[TimeControl "180+1"]
[EndTime "10:19:40 PDT"]
[Termination "Borsuk_Konstantin won by checkmate"]

1. d4 Nf6 2. c4 e6 3. Nc3 Bb4 4. a3 Bxc3+ 5. bxc3 b6 6. e3 Nc6 7. Bd3 Na5 8. e4 d6 9. Ne2 c5 10. Ng3 Qc7 11. d5 Ba6 12. Qe2 O-O-O 13. O-O Rde8 14.
Bg5 Nd7 15. Bf4 Ne5 16. Bxe5 dxe5 17. f3 h5 18. Rfb1 g5 19. Nf1 Kb8 20. Ne3 Qd7 21.
a4 Qd8 22. Rb5 Bxb5 23. axb5 Qc7 24. Ra4 Reg8 25. Kh1 Qd8 26. Qa2 g4 27. Qf2 gxf3 28. Qxf3 Qg5 29. g3 h4 30. g4 Qf4 31. Be2 h3 32. Ra1 Qxf3+ 33. Bxf3 Kc7 34. Rf1 Kd6 35. Be2 Rg7 36. Rf6 Ke7 37. Rf1 Rd8 38. Rf3 Nb7 39. Rxh3 Nd6 40. Bd3 a6 41. bxa6 Ra8 42. Rg3 Rxa6 43.
h4 Ra3 44. Bf1 Kf8 45. Nc2 Ra2 46. Ne3 Nxe4 47. Rg2 Rxg2 48. Kxg2 Ke7 49. dxe6 Kxe6 50. Kh3 Nd6 51. g5 f6 52. gxf6 Kxf6 53. Bd3 Rg1 54. Ng4+ Ke6 55. h5 Rc1 56. h6 Rxc3 57. h7 Rxd3+ 58. Kh4 Nf7 59. Nh6 Nh8 60. Kg5 Rg3+ 61. Kh4 Rg1 62. Ng4 e4 63. Ne3 Ke5 64. Nd5 Kd4 65.
Nxb6 e3 66. Na4 e2 67. Nb2 e1=Q+ 68. Kh5 Qe5+ 69. Kh4 Qh2# 0-1

[Event "*** Titled Tuesday Blitz"]
[Site "Chess.com"]
[Date "2020.05.12"]
[Round "2"]
[White "The_Machine04"]
[Black "FelixBlohberger"]
[Result "0-1"]
[WhiteElo "2309"]
[BlackElo "2624"]
[TimeControl "180+1"]
[EndTime "10:19:43 PDT"]
[Termination "FelixBlohberger won by checkmate"]

1. d4 Nf6 2. Bg5 e6 3. Nd2 d5 4. e3 Nbd7 5. f4 c5 6. c3 b6 7. Bd3 a5 8. Qe2 Be7 9. Ngf3 Qc7 10. Ne5 h6 11. Bxf6 Nxf6 12. O-O Bb7 13. Bb5+ Kf8 14. f5 exf5 15. Rxf5 Bc8 16. Rf2 Be6 17. Raf1 Kg8 18.
Bd3 Rf8 19. e4 cxd4 20. cxd4 dxe4 21. Nxe4 Nd7 22. Nxd7 Qxd7 23. Qe3 Bd5 24. Nc3 Be6 25. Be4 Rd8 26. d5 Bc5 27. dxe6 Bxe3 28. exd7 Rxd7 29. Kh1 Bxf2 30. Rxf2 g6 31. g3 Kg7 32. Kg2 Rhd8 33. Re2 f5 34. Bf3 Kf6 35. Kf2 Rd2 36. Ke1 Rxe2+ 37.
Kxe2 Rd6 38. a4 Ke5 39. Ke3 g5 40. Be2 Rd4 41. Bb5 Rb4 42. Nd1 Rb3+ 43. Ke2 Kd4 44. Kd2 f4 45. gxf4 gxf4 46. Ke2 Rh3 47. Nf2 Rxh2 48.
Kf3 Kc5 49. Bd3 Kb4 50. Bb5 Kb3 51. Bc6 Kxb2 52. Bb5 Kb3 53. Ng4 Rh3+ 54. Kxf4 Kb4 55. Kf5 Ra3 56. Nxh6 Rxa4 57. Bxa4 Kxa4 58. Ke4 Kb3 59. Kd3 a4 60. Nf5 a3 61. Nd4+ Kb2 62.
Nc2 b5 63. Nb4 a2 64. Nxa2 Kxa2 65. Kc3 Ka3 66. Kc2 b4 67. Kb1 Kb3 68. Ka1 Kc2 69. Ka2 b3+ 70. Ka1 b2+ 71. Ka2 b1=Q+ 72. Ka3 Qb3# 0-1

[Event "*** Titled Tuesday Blitz"]
[Site "Chess.com"]
[Date "2020.05.12"]
[Round "2"]
[White "Lion-Al-Messi"]
[Black "CakeinSpace2002"]
[Result "1-0"]
[WhiteElo "2449"]
[BlackElo "2214"]
[TimeControl "180+1"]
[EndTime "10:19:43 PDT"]
[Termination "Lion-Al-Messi won on time"]

1. e4 g6 2. d4 Bg7 3. Nf3 d6 4. Bd3 Nc6 5. c3 e5 6. O-O Bg4 7. dxe5 dxe5 8. h3 Bd7 9. Nbd2 Nf6 10. Qe2 O-O 11. Nc4 Qe7 12. b4 a6 13. a4 h6 14. Ba3 b5 15. axb5 axb5 16. Ne3 Na7 17. c4 Rab8 18. Bb2 bxc4 19. Nxc4 Nc6 20. Ncxe5 Nxb4 21. Ba3 c5 22. Nxd7 Nxd7 23. Rad1 Ne5 24. Bb1 Nec6 25. Bc1 Nd4 26. Nxd4 cxd4 27. Rfe1 Rfd8 28. Bf4 Rbc8 29. e5 Nd5 30. Bg3 Nc3 31. Qd2 Nxd1 32. Qxd1 Rc3 33. e6 f5 34. Bd3 Kh7 35. h4 h5 36. Qe2 Rdc8 37. Bf4 R3c6 38. Bg5 Bf6 39. Bxf6 Qxf6 40. e7 Re8 41. Bb5 Rcc8 42. Bd7 Ra8 43.
g3 Kg7 44. Bxe8 Rxe8 45. Kh2 Kf7 46. Qc4+ Kg7 47. Re6 Qf7 48. Qxd4+ Kg8 49. Rf6 Qg7 50.
Qd5+ Kh8 51. Rf7 Qb2 52. Rf8+ Kg7 53. Qg8+ Kh6 54. Kg2 Qb7+ 55. Kg1 Qb1+ 56. Kg2 1-0

[Event "*** Titled Tuesday Blitz"]
[Site "Chess.com"]
[Date "2020.05.12"]
[Round "2"]
[White "2nd_life"]
[Black "HrvojeZagreb"]
[Result "1/2-1/2"]
[WhiteElo "2406"]
[BlackElo "2165"]
[TimeControl "180+1"]
[EndTime "10:19:43 PDT"]
[Termination "Game drawn - insufficient material"]

1. e4 e6 2. d4 d5 3. Nc3 dxe4 4.
Nxe4 Nd7 5. Nf3 Ngf6 6. Bg5 Be7 7. Nxf6+ Nxf6 8. Bd3 O-O 9. Qe2 c5 10. dxc5 Qa5+ 11.
c3 Qxc5 12. O-O h6 13. Bh4 Qh5 14. Rfd1 Bd7 15. Bxf6 Bxf6 16. Bh7+ Kxh7 17. Rxd7 b5 18. Rad1 a5 19. Qe4+ Qg6 20. Qxg6+ Kxg6 21. a3 b4 22.
axb4 axb4 23. cxb4 Rab8 24. b3 Rxb4 25. Rb1 Rfb8 26.
Rd3 Kf5 27. g3 e5 28. Re3 e4 29. Nd2 Bg5 30. f4 exf3 31. Rxf3+ Kg6 32. Nf1 f5 33. h4 Bf6 34. Kg2 Bd4 35. Nd2 R8b5 36. Rd3 Kh5 37. Kf3 g5 38. hxg5 hxg5 39. Rh1+ Kg6 40. Rc1 g4+ 41.
Kg2 Bf6 42. Rc6 Rb6 43. Rdd6 Rxc6 44. Rxc6 Kg7 45. Rc5 Kg6 46. Rd5 Bg5 47. Rd6+ Kf7 48. Nc4 Rxb3 49. Ne5+ Ke7 50. Rg6 Rb2+ 51. Kf1 Be3 52.
Nc6+ Kf7 53. Ne5+ Ke8 54. Re6+ Kd8 55. Nc6+ Kc7 56. Rxe3 Kxc6 57. Re5 Rb5 58. Re2 Kd6 59. Kf2 Re5 60. Rd2+ Ke6 61. Ra2 Kf6 62. Ra6+ Kg5 63.
Ra8 Rc5 64. Rg8+ Kf6 65. Rf8+ Ke5 66. Re8+ Kd4 67. Rd8+ Ke4 68. Re8+ Re5 69. Rd8 f4 70. gxf4 Kxf4 71. Rf8+ Ke4 72. Kg3 Rg5 73. Rf4+ Ke5 74.
Rxg4 Rxg4+ 75. Kxg4 1/2-1/2

[Event "*** Titled Tuesday Blitz"]
[Site "Chess.com"]
[Date "2020.05.12"]
[Round "2"]
[White "Margarita2907"]
[Black "marianokar"]
[Result "1/2-1/2"]
[WhiteElo "1992"]
[BlackElo "2367"]
[TimeControl "180+1"]
[EndTime "10:19:44 PDT"]
[Termination "Game drawn by repetition"]

1. d4 Nf6 2. Nf3 e6 3. e3 b6 4.
Bd3 Bb7 5. O-O d5 6. b3 Bd6 7. Bb2 O-O 8. Nbd2 c5 9. Qe2 Nbd7 10. Ne5 Qc7 11. f4 Rac8 12. c4 Ne4 13. cxd5 exd5 14. Bb5 Ndf6 15. Nxe4 Nxe4 16. Rac1 f6 17. Nf3 a6 18. Bxa6 Bxa6 19. Qxa6 Ra8 20. Qd3 Qb7 21. a4 Rfd8 22. dxc5 bxc5 23. Rfd1 Bf8 24. Nd2 Nxd2 25.
Rxd2 Rab8 26. Ba3 Rbc8 27. Rdc2 Qb6 28. Qb5 Rb8 29. Qxb6 Rxb6 30. Bxc5 Rxb3 31. Bxf8 Kxf8 32. Rc8 Ke8 33. Rxd8+ Kxd8 34. Rd1 Rxe3 35. Rxd5+ Ke7 36. Rb5 Ra3 37. Rb7+ Ke6 38. Rxg7 h5 39. Rh7 Rxa4 40.
Rxh5 Rxf4 41. g3 Ra4 42. Kg2 Ra2+ 43. Kg1 Kf7 44. Rh4 Kg6 45. Rg4+ Kf5 46. Rf4+ Kg5 47. Rh4 f5 48. Rf4 Rb2 49. Rf2 Rb4 50. Kg2 Kg4 51. h3+ Kg5 52. Ra2 Rb3 53. Rf2 Ra3 54.
h4+ Kg6 55. Rf4 Rb3 56. Ra4 Rb2+ 57. Kf3 Rb3+ 58. Kg2 Rb2+ 59. Kf3 Rb3+ 60. Kg2 1/2-1/2

[Event "*** Titled Tuesday Blitz"]
[Site "Chess.com"]
[Date "2020.05.12"]
[Round "2"]
[White "Hadza_3"]
[Black "canary2016"]
[Result "1-0"]
[WhiteElo "2364"]
[BlackElo "1914"]
[TimeControl "180+1"]
[EndTime "10:19:44 PDT"]
[Termination "Hadza_3 won on time"]

1. e4 c6 2. Bc4 d5 3. Bb3 dxe4 4. Qh5 e6 5. Nc3 Nf6 6. Qh4 Be7 7. Nxe4 Nxe4 8. Qxe4 Nd7 9. Qe2 Nf6 10. d3 Qa5+ 11. Bd2 Qc7 12. Nf3 Bd7 13. O-O O-O 14. Ne5 Bd6 15.
Bf4 Rad8 16. d4 c5 17. dxc5 Qxc5 18. Rad1 Bxe5 19. Bxe5 Qe7 20. Bd6 Qe8 21. Bxf8 Qxf8 22. Rd2 Bb5 23. Rxd8 Bxe2 24. Rxf8+ Kxf8 25. Re1 Bb5 26. Rd1 Ke7 27. g3 Nd7 28. c3 Ne5 29. f4 Be2 30.
Ra1 Nc6 31. Re1 Bf3 32. Kf2 Bg4 33. Bd1 Bf5 34. g4 Bd3 35. Be2 Be4 36. Bf3 Bd3 37. Bxc6 bxc6 38. Rd1 Bc4 39. b3 Bd5 40. c4 Be4 41.
Ke3 Bg2 42. g5 Bh3 43. Kd4 Bg4 44. Rd2 Kd6 45. Kc3+ Kc7 46. Kb4 Bf5 47. a4 Be4 48.
a5 Bf5 49. Kc5 Bg4 50. b4 a6 51. Rd6 Bf3 52. Rd3 Be2 53. Rd2 Bf1 54. Rd6 Be2 55. Rxc6+ Kb7 56. Rb6+ Ka7 57. Rd6 Kb7 58. h4 Bh5 59. b5 axb5 60. cxb5 f6 61. Rd7+ Kc8 62. Rxg7 fxg5 63. hxg5 Bg4 64. Rxh7 Bf5 65. Rf7 Kd8 66. Kd6 Kc8 67. Ke5 Bg4 68. g6 Bh5 69. Rf6 Kd7 70. Rxe6 Bg4 71. f5 Bd1 72. f6 Bb3 73. Rd6+ Ke8 74. b6 Bc4 75. Rc6 1-0

[Event "*** Titled Tuesday Blitz"]
[Site "Chess.com"]
[Date "2020.05.12"]
[Round "2"]
[White "Abund"]
[Black "DDTerziev04"]
[Result "1-0"]
[WhiteElo "2621"]
[BlackElo "2285"]
[TimeControl "180+1"]
[EndTime "10:19:45 PDT"]
[Termination "Abund won by checkmate"]

1. d4 d5 2. c4 dxc4 3. e4 Nf6 4. e5 Nd5 5. Bxc4 Nb6 6. Bd3 Nc6 7. Be3 Nb4 8. Be4 f5 9. a3 N4d5 10. Bxd5 Nxd5 11.
Ne2 e6 12. O-O Be7 13. Nbc3 c6 14. Nxd5 cxd5 15. Rc1 O-O 16. Qb3 b6 17. Qa4 Bd7 18.
Qa6 Qe8 19. Qd3 Bb5 20. Qd2 Bxe2 21. Qxe2 f4 22. Bd2 f3 23. gxf3 Qh5 24. Rc3 Rf5 25. Kh1 Raf8 26. Rg1 Rxf3 27. Rxf3 Qxf3+ 28. Qxf3 Rxf3 29. Be3 Rf8 30. Rc1 Bd8 31. Rc6 Kf7 32. Kg2 Ke8 33.
Rxe6+ Kd7 34. Rd6+ Kc7 35. Rxd5 Be7 36. Rb5 a6 37.
Rb3 Rd8 38. Rc3+ Kb7 39. Kf3 g6 40. Ke4 b5 41. d5 b4 42. axb4 Bxb4 43. Rb3 a5 44.
Bc5 Ka6 45. Bxb4 axb4 46. Rxb4 Rf8 47. f4 h6 48. e6 g5 49. Ke5 gxf4 50. e7 Re8 51. d6 f3 52. Rf4 Kb7 53. Rxf3 Kc6 54.
Ke6 Rb8 55. Rf8 Rxb2 56. e8=Q+ Kc5 57. Rf5+ Kd4 58. Qc6 Re2+ 59. Kf6 Re6+ 60. Kxe6 h5 61. Qd5+ Kc3 62. Rf3+ Kb2 63. Qb3+ Kc1 64. Rf1+ Kd2 65. Rf2+ Ke1 66. Qe3+ Kd1 67. Qe2+ Kc1 68. Qd2+ Kb1 69. Qb2# 1-0

[Event "*** Titled Tuesday Blitz"]
[Site "Chess.com"]
[Date "2020.05.12"]
[Round "2"]
[White "RobertoJBM"]
[Black "BlackWidow515"]
[Result "1-0"]
[WhiteElo "2591"]
[BlackElo "2137"]
[TimeControl "180+1"]
[EndTime "10:19:45 PDT"]
[Termination "RobertoJBM won by checkmate"]

1. d4 d5 2. c4 e6 3. Nc3 Nf6 4. cxd5 exd5 5. Bg5 Be7 6. e3 O-O 7.
Bd3 Nbd7 8. Nge2 b6 9. O-O Bb7 10. Rc1 c5 11. Ng3 Re8 12. Nf5 Bf8 13. Qf3 Qc8 14. Nh6+ gxh6 15. Bxf6 Nxf6 16. Qxf6 Qe6 17. Qf3 Bd6 18. Nb5 Ba6 19. Bf5 Qe7 20. Nxd6 Qxd6 21. Rfd1 c4 22. b3 Kh8 23. e4 dxe4 24. Bxe4 Rac8 25.
Bd5 Re7 26. bxc4 Rec7 27. h3 Kg7 28. g4 b5 29. c5 Qg6 30. Be4 Qf6 31. Qxf6+ Kxf6 32. c6 b4 33. f4 Bb5 34. d5 Re7 35. Bf3 Re3 36. Kf2 Rc3 37. Rxc3 bxc3 38. Rc1 Ke7 39.
Rxc3 Kd6 40. a3 a6 41. Ke3 Re8+ 42. Kd4 Re1 43. Re3 Rd1+ 44. Bxd1 a5 45. Bf3 a4 46. g5 hxg5 47. fxg5 Bf1 48. h4 Bh3 49. Be4 f5 50. gxf6 h5 51. Bh7 Bg4 52. Bg6 Bd1 53. Re5 Bb3 54. Bxh5 Bc2 55. Re6+ Kc7 56. Bf3 Bf5 57.
Re7+ Kb6 58. Ke5 Bc8 59. f7 Kc5 60. f8=Q Ba6 61. Rb7+ Kc4 62. Qb4+ Kd3 63. Be4+ Ke3 64. Qxa4 Bd3 65. Qd4+ Ke2 66. Qxd3+ Kf2 67. Rb2+ Ke1 68.
Qb1# 1-0

[Event "*** Titled Tuesday Blitz"]
[Site "Chess.com"]
[Date "2020.05.12"]
[Round "2"]
[White "L_lorenzo"]
[Black "AquivaRubinstein"]
[Result "1/2-1/2"]
[WhiteElo "2204"]
[BlackElo "2424"]
[TimeControl "180+1"]
[EndTime "10:19:46 PDT"]
[Termination "Game drawn by repetition"]

1. d4 Nf6 2. c4 c5 3. d5 e6 4. Nc3 exd5 5. cxd5 d6 6. e4 g6 7. Nf3 Bg7 8. Bg5 h6 9. Bf4 O-O 10. Nd2 Nh5 11. Be3 a6 12. a4 Nd7 13.
Be2 Nhf6 14. O-O g5 15. Nc4 Qe7 16. Qc2 Rb8 17. a5 b5 18. axb6 Nxb6 19. Na5 Bd7 20. Bxa6 Ng4 21. Bd2 f5 22. Nc6 Bxc6 23. dxc6 fxe4 24.
Qxe4 Qxe4 25. Nxe4 Be5 26. h3 Nf6 27. Nxf6+ Bxf6 28. Bc3 d5 29. c7 Rbe8 30. Ba5 Nc8 31. Bb7 d4 32. Bd5+ Kg7 33. f4 Re7 34. fxg5 hxg5 35. b4 d3 36. Rad1 Bd4+ 37. Kh1 Rxf1+ 38. Rxf1 d2 39. bxc5 Bxc5 40. Bxd2 Rxc7 41. Bxg5 Nb6 42. Bf3 Nc4 43. Rc1 Ne5 44. Bf4 Bd6 45.
Bxe5+ Bxe5 46. Rxc7+ Bxc7 47. g4 Kf6 48. Kg2 Kg5 49.
Be2 Bf4 50. Bc4 Bc7 51. Be6 Bd6 52. Bd7 Bc7 53. Kf3 Bd6 54. Bc6 Kh4 55. Kg2 Be5 56. Bb5 Bd6 57. Bf1 Be5 58. Kf3 Kg5 59. Ke4 Bg3 60. Bg2 Bf4 61. Kd5 Bc7 62. Ke4 Bg3 63. Kf3 Bc7 64. Ke4 Bd6 65. Kd5 Bc7 66. Ke6 Bg3 67. Kf7 Bf4 68. Ke7 Be5 69. Ke6 Bg3 70. Kd5 Bf4 71. Ke4 Bg3 72. Kf3 Be1 73. Ke2 Bg3 74. Kf3 1/2-1/2

[Event "*** Titled Tuesday Blitz"]
[Site "Chess.com"]
[Date "2020.05.12"]
[Round "2"]
[White "vovachesss"]
[Black "ASVZ"]
[Result "1-0"]
[WhiteElo "2639"]
[BlackElo "2341"]
[TimeControl "180+1"]
[EndTime "10:19:47 PDT"]
[Termination "vovachesss won by checkmate"]

1. e4 e6 2. Qe2 Nc6 3. Nf3 e5 4. g3 Nf6 5. Bg2 Bc5 6. O-O O-O 7. d3 h6 8. c3 a5 9. Nh4 d5 10. Nd2 Bg4 11. Bf3 Bxf3 12. Qxf3 Re8 13. Nf5 Bf8 14.
exd5 Nxd5 15. Ne4 Nce7 16. Bd2 Ra6 17. Rad1 Nxf5 18. Qxf5 Nf6 19. Be3 g6 20. Qf3 Nxe4 21.
dxe4 Qc8 22. Rd5 Rd6 23. Rxd6 cxd6 24. Rd1 Qc6 25. Rd5 a4 26. a3 Re6 27. Qe2 f5 28. f3 fxe4 29. fxe4 Rf6 30. Qb5 Rf3 31. Qe2 Rf7 32.
Qd2 Kh7 33. Kg2 b5 34. Qd3 Qc4 35. Qxc4 bxc4 36. Ra5 Rb7 37. Bc1 h5 38. Rxa4 Bh6 39. Bxh6 Rxb2+ 40. Kf3 Kxh6 41. Rxc4 Rxh2 42. Rc6 Ra2 43.
Rxd6 Rxa3 44. Rc6 Kg5 45. Ke3 Ra1 46. Re6 Rc1 47. Rxe5+ Kf6 48. Rc5 Rg1 49. Kf2 Rc1 50.
c4 Rc3 51. Rc6+ Kg5 52. c5 Rc4 53. Ke3 Rc3+ 54. Kd4 Rxg3 55. Rc8 Rg1 56. c6 Rc1 57. Kd5 h4 58. Rh8 Kg4 59. e5 Rd1+ 60. Kc5 h3 61. e6 Rc1+ 62. Kd6 Rd1+ 63. Kc7 Re1 64. Kd7 Rd1+ 65. Ke8 Rc1 66. e7 Rxc6 67. Kd7 Rc5 68. e8=Q Rh5 69. Rh6 Rxh6 70. Qe4+ Kg5 71. Qe3+ Kh5 72. Qxh3+ Kg5 73. Qg3+ Kh5 74. Ke6 g5+ 75.
Kf5 Rg6 76. Qh3# 1-0